[Event "EYCC G10-ch 2024"]
[Site "Prague"]
[Date "2024.08.26"]
[Round "5.7"]
[White "Macakova, Bianka"]
[Black "Anistoroaei, Maria"]
[Result "0-1"]
[ECO "B21"]
[WhiteElo "1568"]
[BlackElo "1627"]
[Annotator "NA RC COMBH"]
[PlyCount "90"]
[EventDate "2024.08.19"]
[EventType "swiss"]
[EventCountry "CZE"]
[SourceTitle "playchess.com"]
[Source "ChessBase"]
[SourceQuality "1"]
[TimeControl "5400+30"]

1. e4 c5 2. d4 cxd4 3. c3 d3 4. Bxd3 Nc6 5. Nf3 e6 6. Be3 d6 7. O-O Nf6 8. Nbd2 Be7 9. Nb3 O-O 10. Nbd4 Ng4 11. h3 Nxe3 12. fxe3 Bf6 13. Qe1 Ne5 14. Bc2 Nxf3+ 15. Rxf3 b6 16. Rd1 Ba6 17. e5 Bxe5 18. Be4 d5 19. Nc6 Qc7 20. Nxe5 dxe4 21. Nd7 exf3 22. Nxf8 Rxf8 23. gxf3 Bc4 24. b3 Bd5 25. e4 Bc6 26. Kg2 h6 27. c4 Qb7 28. Qe3 Qc7 29. a3 Rd8 30. Rd4 e5 31. Rd3 Qc8 32. b4 Bd7 33. Kh2 Qxc4 34. Qd2 Qe6 35. f4 exf4 36. Qxf4 Re8 37. e5 Bc6 38. Rd6 Qa2+ 39. Rd2 Qb1 40. b5 Qh1+ 41. Kg3 Qg1+ 42. Rg2 Qxg2+ 43. Kh4 g5+ 44. Kh5 gxf4 45. h4 Qg6# 0-1

[Event "EYCC G10-ch 2024"]
[Site "Prague"]
[Date "2024.08.26"]
[Round "5.8"]
[White "Slusarczyk, Agnieszka"]
[Black "Kiryttopoulou, Eleonora Kaisa"]
[Result "1-0"]
[ECO "B10"]
[WhiteElo "1614"]
[BlackElo "1525"]
[Annotator "NA RC COMBH"]
[PlyCount "77"]
[EventDate "2024.08.19"]
[EventType "swiss"]
[EventCountry "CZE"]
[SourceTitle "playchess.com"]
[Source "ChessBase"]
[SourceQuality "1"]
[TimeControl "5400+30"]

1. e4 c6 2. Nc3 d5 3. Nf3 dxe4 4. Nxe4 Nf6 5. Qe2 Nxe4 6. Qxe4 Nd7 7. Bc4 Nf6 8. Ne5 e6 9. Qe2 Bd6 10. d4 Bxe5 11. Qxe5 h6 12. c3 O-O 13. O-O Nd5 14. f4 Qc7 15. Qh5 Nf6 16. Qf3 c5 17. d5 exd5 18. Bxd5 Nxd5 19. Qxd5 Rd8 20. Qh5 f6 21. f5 Bd7 22. Qg4 Kh8 23. Bf4 Qb6 24. b3 c4+ 25. Kh1 cxb3 26. Rab1 Qa6 27. axb3 Qa5 28. Qg3 Rac8 29. b4 Qb6 30. Qh3 Bb5 31. Rf3 Qc6 32. Bxh6 Kg8 33. Bxg7 Qd7 34. Qh8+ Kf7 35. Qh5+ Kg8 36. Rg3 Qe8 37. Bxf6+ Kf8 38. Qh8+ Kf7 39. Qg7# 1-0

[Event "EYCC G10-ch 2024"]
[Site "Prague"]
[Date "2024.08.26"]
[Round "5.9"]
[White "Rekhviashvili, Mariam"]
[Black "Bhaumik, Mehr"]
[Result "1-0"]
[ECO "B22"]
[WhiteElo "1542"]
[BlackElo "1606"]
[Annotator "NA RC COMBH"]
[PlyCount "63"]
[EventDate "2024.08.19"]
[EventType "swiss"]
[EventCountry "CZE"]
[SourceTitle "playchess.com"]
[Source "ChessBase"]
[SourceQuality "1"]
[TimeControl "5400+30"]

1. e4 c5 2. c3 Nf6 3. e5 Nd5 4. d4 cxd4 5. Nf3 Nc6 6. cxd4 d6 7. Bc4 dxe5 8. Nxe5 Nxe5 9. dxe5 e6 10. O-O Bc5 11. Qb3 Nb6 12. Bb5+ Bd7 13. Rd1 Qc7 14. Nc3 O-O 15. Bf4 a6 16. Bxd7 Nxd7 17. Ne4 b5 18. Rac1 Qa7 19. Qd3 Nxe5 20. Bxe5 Bb6 21. Qg3 f5 22. Nf6+ Kh8 23. Nh5 Rg8 24. Rc7 Qxc7 25. Bxc7 Bxc7 26. Qxc7 Rac8 27. Qe5 Rce8 28. Rd7 Rc8 29. h3 h6 30. Nxg7 Rc1+ 31. Kh2 Rxg7 32. Qxg7# 1-0

[Event "EYCC G10-ch 2024"]
[Site "Prague"]
[Date "2024.08.26"]
[Round "5.10"]
[White "Vadkerti, Anna"]
[Black "Hatuk, Neris"]
[Result "0-1"]
[ECO "B12"]
[WhiteElo "1517"]
[BlackElo "1671"]
[Annotator "NA RC COMBH"]
[PlyCount "78"]
[EventDate "2024.08.19"]
[EventType "swiss"]
[EventCountry "CZE"]
[SourceTitle "playchess.com"]
[Source "ChessBase"]
[SourceQuality "1"]
[TimeControl "5400+30"]

1. e4 c6 2. d4 d5 3. f3 e6 4. Nc3 Bb4 5. Bf4 Nf6 6. Qd3 c5 7. O-O-O dxe4 8. Nxe4 Nxe4 9. fxe4 Qf6 10. dxc5 Qxf4+ 11. Kb1 O-O 12. Qd4 Nc6 13. Qd3 Bxc5 14. g3 Qc7 15. Qf3 Bxg1 16. Rxg1 e5 17. c3 Be6 18. Bh3 Qe7 19. Bf5 Qf6 20. g4 Qg5 21. h4 Qf4 22. Qe2 g6 23. Rdf1 Qh6 24. g5 Qh5 25. Qxh5 gxh5 26. Rg2 Bxf5 27. exf5 Kg7 28. Rfg1 f6 29. g6 h6 30. Rd2 Rfd8 31. Rxd8 Rxd8 32. Kc2 Ne7 33. Rf1 Rd5 34. a3 e4 35. Re1 Re5 36. c4 Nxf5 37. Kc3 Kxg6 38. b4 Nxh4 39. Kd4 Nf3+ 0-1

[Event "EYCC G10-ch 2024"]
[Site "Prague"]
[Date "2024.08.26"]
[Round "5.11"]
[White "Serradell Munoz, Silvia"]
[Black "Isakhanyan, Nare"]
[Result "1/2-1/2"]
[ECO "B17"]
[WhiteElo "1619"]
[BlackElo "1512"]
[Annotator "NA RC COMBH"]
[PlyCount "91"]
[EventDate "2024.08.19"]
[EventType "swiss"]
[EventCountry "CZE"]
[SourceTitle "playchess.com"]
[Source "ChessBase"]
[SourceQuality "1"]
[TimeControl "5400+30"]

1. e4 c6 2. d4 d5 3. Nc3 dxe4 4. Nxe4 Nd7 5. Nf3 Ngf6 6. Ng3 e6 7. Bd3 Bd6 8. O-O O-O 9. Re1 Qc7 10. c4 b6 11. Bd2 c5 12. Rc1 Bb7 13. Qe2 Rfd8 14. Bc3 a5 15. Ne4 Be7 16. Qc2 Nxe4 17. Bxe4 Bxe4 18. Qxe4 Bf6 19. Red1 cxd4 20. Bxd4 Bxd4 21. Nxd4 Nc5 22. Qf3 Rac8 23. Nb5 Qe7 24. h3 h6 25. Rxd8+ Rxd8 26. Qc6 Nd3 27. Rd1 Nxb2 28. Rxd8+ Qxd8 29. Nd6 Nd3 30. Ne4 Nb4 31. Qa4 f5 32. Ng3 Qd6 33. Qb3 Kf7 34. a3 Na6 35. Qf3 Nc5 36. Qh5+ Kf8 37. Qf3 g5 38. Qh5 Kg7 39. Qf3 Kg6 40. Qh5+ Kg7 41. Qe8 Qd1+ 42. Kh2 Qd6 43. Qa8 h5 44. Qa7+ Kg6 45. Kg1 Qd1+ 46. Kh2 1/2-1/2

[Event "EYCC G10-ch 2024"]
[Site "Prague"]
[Date "2024.08.26"]
[Round "5.12"]
[White "Kravchuk, Daria"]
[Black "Babazade, Khadija"]
[Result "0-1"]
[ECO "B29"]
[WhiteElo "1597"]
[BlackElo "1509"]
[Annotator "NA RC COMBH"]
[PlyCount "88"]
[EventDate "2024.08.19"]
[EventType "swiss"]
[EventCountry "CZE"]
[SourceTitle "playchess.com"]
[Source "ChessBase"]
[SourceQuality "1"]
[TimeControl "5400+30"]

1. e4 c5 2. Nf3 Nf6 3. Nc3 d5 4. e5 Ne4 5. Bb5+ Bd7 6. e6 Bxb5 7. exf7+ Kxf7 8. Nxb5 Nd7 9. Nc3 Ndf6 10. d3 Nxc3 11. bxc3 g6 12. Qe2 Qd6 13. O-O Bg7 14. g3 Nh5 15. Ng5+ Kg8 16. Ba3 b6 17. d4 e5 18. dxc5 bxc5 19. Rfd1 Nf6 20. Rab1 h6 21. Nf3 e4 22. Nh4 g5 23. Nf5 Qc7 24. Qa6 Rb8 25. Qe6+ Kh7 26. Ne7 Rhe8 27. Rxb8 Qxb8 28. Qf5+ Kh8 29. Nxd5 Re5 30. Qg6 Rxd5 31. Rc1 Qe8 32. Qxe8+ Nxe8 33. c4 Rd7 34. Re1 Nf6 35. Bxc5 Rc7 36. Bd4 Rxc4 37. c3 Ra4 38. Re2 Kg8 39. Rc2 Rc4 40. Kf1 Nd5 41. Bxa7 Rxc3 42. Rd2 Nb4 43. Ke2 Nd3 44. Kd1 Rc1+ 0-1

[Event "EYCC G10-ch 2024"]
[Site "Prague"]
[Date "2024.08.26"]
[Round "5.13"]
[White "Volani, Olga"]
[Black "Szczurek, Julia"]
[Result "1/2-1/2"]
[ECO "C54"]
[WhiteElo "1570"]
[BlackElo "1471"]
[Annotator "NA RC COMBH"]
[PlyCount "109"]
[EventDate "2024.08.19"]
[EventType "swiss"]
[EventCountry "CZE"]
[SourceTitle "playchess.com"]
[Source "ChessBase"]
[SourceQuality "1"]
[TimeControl "5400+30"]

1. e4 e5 2. Nf3 Nc6 3. Bc4 Bc5 4. c3 Nf6 5. d4 exd4 6. e5 d5 7. Bb5 Ne4 8. cxd4 Bb6 9. Nc3 Bg4 10. Be3 O-O 11. Bxc6 bxc6 12. O-O f6 13. h3 Bxf3 14. gxf3 Nxc3 15. bxc3 fxe5 16. dxe5 Bxe3 17. fxe3 Qg5+ 18. Kf2 Qxe5 19. Qd4 Qh2+ 20. Ke1 Qxh3 21. Ke2 Rab8 22. c4 Qe6 23. Rac1 dxc4 24. Rxc4 Rb2+ 25. Qxb2 Qxc4+ 26. Ke1 c5 27. Rg1 Qb4+ 28. Qxb4 cxb4 29. f4 c5 30. Rg5 Rc8 31. Kd2 a5 32. Kc2 a4 33. Kb2 Kf7 34. Re5 g6 35. e4 Kf6 36. Kc2 c4 37. Ra5 a3 38. Ra6+ Kf7 39. Rb6 b3+ 40. axb3 Ra8 41. Kb1 cxb3 42. Rxb3 Ra4 43. Rb7+ Kf6 44. Rb6+ Kf7 45. Rb7+ Ke6 46. Rb6+ Kd7 47. Rb7+ Ke6 48. Rb6+ Kf7 49. Rb7+ Kf6 50. Rb6+ Kg7 51. Rb7+ Kf6 52. Rb6+ Ke7 53. Rb7+ Ke6 54. Rb6+ Kd7 55. Rb7+ 1/2-1/2

[Event "EYCC G10-ch 2024"]
[Site "Prague"]
[Date "2024.08.26"]
[Round "5.14"]
[White "Smilic, Nina"]
[Black "Aragonda, Sahasra"]
[Result "1-0"]
[ECO "E16"]
[WhiteElo "1515"]
[BlackElo "1617"]
[Annotator "NA RC COMBH"]
[PlyCount "87"]
[EventDate "2024.08.19"]
[EventType "swiss"]
[EventCountry "CZE"]
[SourceTitle "playchess.com"]
[Source "ChessBase"]
[SourceQuality "1"]
[TimeControl "5400+30"]

1. d4 Nf6 2. Nf3 e6 3. c4 Bb4+ 4. Bd2 Qe7 5. a3 Bxd2+ 6. Qxd2 b6 7. e3 a5 8. Nc3 Bb7 9. Be2 O-O 10. O-O d6 11. Qc2 Nbd7 12. Rfe1 e5 13. Rad1 Rfd8 14. d5 Nc5 15. b4 axb4 16. axb4 Ncd7 17. Ne4 Ra7 18. Ra1 Rda8 19. Rxa7 Rxa7 20. Nfd2 c6 21. dxc6 Bxc6 22. Bf3 Bxe4 23. Nxe4 d5 24. Nxf6+ gxf6 25. Bxd5 Qxb4 26. Rb1 Qa5 27. Qb2 Qa4 28. h3 Ra6 29. Qe2 Kf8 30. Qh5 Ke8 31. Qxf7+ Kd8 32. Qxh7 Ra5 33. Qf5 Qa2 34. Rd1 Qa4 35. Bf3 Ra7 36. Qxf6+ Kc8 37. Qe6 Kb8 38. Qe8+ Kc7 39. Bg4 Qxd1+ 40. Bxd1 Ra1 41. Qh5 Kc6 42. Kh2 Rc1 43. Ba4+ Kc7 44. Qf7 1-0

[Event "EYCC G10-ch 2024"]
[Site "Prague"]
[Date "2024.08.28"]
[Round "6.1"]
[White "Bakhshi, Rana"]
[Black "Chen, Yuefan"]
[Result "0-1"]
[ECO "D86"]
[WhiteElo "1732"]
[BlackElo "1682"]
[Annotator "NA RC COMBH"]
[PlyCount "82"]
[EventDate "2024.08.19"]
[EventType "swiss"]
[EventCountry "CZE"]
[SourceTitle "playchess.com"]
[Source "ChessBase"]
[SourceQuality "1"]
[TimeControl "5400+30"]

1. d4 Nf6 2. c4 g6 3. Nc3 d5 4. cxd5 Nxd5 5. e4 Nxc3 6. bxc3 Bg7 7. Bc4 c5 8. Be3 O-O 9. Ne2 Nc6 10. Rc1 Qa5 11. O-O e6 12. Rc2 b5 13. Bxb5 Qxb5 14. Ng3 Rd8 15. c4 Qa4 16. d5 Nb4 17. Rd2 Qxd1 18. Rfxd1 Bc3 19. Re2 Ba6 20. Bxc5 Bxc4 21. Re3 Nxa2 22. d6 e5 23. h3 Rd7 24. Ne2 Ba5 25. Ra3 Bxe2 26. Ra1 Bb4 27. R3xa2 Bxc5 28. Rxe2 Rxd6 29. Rea2 Rad8 30. Kh2 Rd1 31. Rxd1 Rxd1 32. Ra5 Bd4 33. Rd5 Ra1 34. f4 Re1 35. f5 Rf1 36. g4 Rf4 37. h4 gxf5 38. gxf5 Rxh4+ 39. Kg3 Rxe4 40. f6 Bb6 41. Kg2 Rf4 0-1

[Event "EYCC G10-ch 2024"]
[Site "Prague"]
[Date "2024.08.28"]
[Round "6.2"]
[White "Ahmadli, Mehriban"]
[Black "Slusarczyk, Agnieszka"]
[Result "1/2-1/2"]
[ECO "C63"]
[WhiteElo "1646"]
[BlackElo "1614"]
[Annotator "NA RC COMBH"]
[PlyCount "102"]
[EventDate "2024.08.19"]
[EventType "swiss"]
[EventCountry "CZE"]
[SourceTitle "playchess.com"]
[Source "ChessBase"]
[SourceQuality "1"]
[TimeControl "5400+30"]

1. e4 e5 2. Nf3 Nc6 3. Bb5 f5 4. d3 fxe4 5. dxe4 Nf6 6. O-O Bc5 7. Bxc6 bxc6 8. Nxe5 O-O 9. Nd2 Ba6 10. Nd3 Bb6 11. a4 Bxd3 12. cxd3 a5 13. Nf3 d5 14. e5 Nd7 15. d4 c5 16. Re1 Nb8 17. Ng5 Qe7 18. Nf3 cxd4 19. Nxd4 Nd7 20. Nf3 c6 21. Bg5 Bxf2+ 22. Kxf2 Qxg5 23. e6 Ne5 24. Qd4 Ng6 25. e7 Nxe7 26. h4 Nf5 27. Qxd5+ cxd5 28. hxg5 Rab8 29. Rab1 Rb4 30. Re5 Rxa4 31. Rxd5 Nh4 32. Rd3 Rg4 33. g3 Nxf3 34. Rxf3 Rxf3+ 35. Kxf3 Rxg5 36. Rc1 h5 37. Kf4 Rb5 38. Rc8+ Kh7 39. Ra8 g6 40. Ra7+ Kh6 41. Ra6 Rf5+ 42. Ke3 Kg5 43. Rb6 Kh6 44. Ra6 Rb5 45. Kf4 Rb4+ 46. Kf3 Ra4 47. Rb6 Rb4 48. Ra6 Rxb2 49. Rxa5 Rc2 50. Ke3 Rb2 51. Kf3 Rc2 1/2-1/2

[Event "EYCC G10-ch 2024"]
[Site "Prague"]
[Date "2024.08.28"]
[Round "6.3"]
[White "Rekhviashvili, Mariam"]
[Black "Rzadkowska, Lila"]
[Result "0-1"]
[ECO "C68"]
[WhiteElo "1542"]
[BlackElo "1794"]
[Annotator "NA RC COMBH"]
[PlyCount "110"]
[EventDate "2024.08.19"]
[EventType "swiss"]
[EventCountry "CZE"]
[SourceTitle "playchess.com"]
[Source "ChessBase"]
[SourceQuality "1"]
[TimeControl "5400+30"]

1. e4 e5 2. Nf3 Nc6 3. Bb5 a6 4. Bxc6 dxc6 5. O-O Qf6 6. d3 Ne7 7. Nbd2 Ng6 8. Re1 Be7 9. h3 O-O 10. Nc4 b5 11. Bg5 Qe6 12. Bxe7 Qxe7 13. Ne3 Qf6 14. d4 Rd8 15. c3 Be6 16. Nxe5 Nxe5 17. dxe5 Qg5 18. Qf3 Rd2 19. b3 Qxe5 20. Nf5 Bxf5 21. exf5 Qf6 22. Qe3 Qd8 23. Qe5 Rd5 24. Qe4 Qd7 25. Qe7 Qxe7 26. Rxe7 Rc8 27. Rae1 Kf8 28. g4 Rd2 29. R1e2 Rxe2 30. Rxe2 Rd8 31. Kf1 Rd3 32. Re3 Rxe3 33. fxe3 c5 34. Ke2 Ke7 35. Kf3 f6 36. e4 Kd6 37. Kf4 a5 38. a4 c4 39. Ke3 cxb3 40. Kd2 bxa4 41. h4 a3 42. Kc1 Ke5 43. g5 Kxe4 44. h5 Kxf5 45. gxf6 gxf6 46. c4 Ke4 47. c5 f5 48. h6 f4 49. c6 f3 50. Kd2 a2 51. Kc3 a1=Q+ 52. Kxb3 Qc1 53. Ka2 f2 54. Kb3 f1=R 55. Ka4 Qb2 0-1

[Event "EYCC G10-ch 2024"]
[Site "Prague"]
[Date "2024.08.28"]
[Round "6.4"]
[White "Anistoroaei, Maria"]
[Black "Stoica, Melina-Theodora"]
[Result "1-0"]
[ECO "A13"]
[WhiteElo "1627"]
[BlackElo "1576"]
[Annotator "NA RC COMBH"]
[PlyCount "81"]
[EventDate "2024.08.19"]
[EventType "swiss"]
[EventCountry "CZE"]
[SourceTitle "playchess.com"]
[Source "ChessBase"]
[SourceQuality "1"]
[TimeControl "5400+30"]

1. c4 e6 2. g3 Nf6 3. Bg2 Be7 4. Nf3 O-O 5. O-O d5 6. Qc2 c5 7. d4 cxd4 8. cxd5 Nxd5 9. Nxd4 Qb6 10. Qc4 Bf6 11. Nb3 Bd7 12. Re1 Rc8 13. Qg4 e5 14. Qh5 Bc6 15. Be4 g6 16. Qf3 Nb4 17. Qxf6 Bxe4 18. Qxe5 Nc2 19. Bh6 f6 20. Qe7 Qc7 21. Qe6+ Kh8 22. Qxf6+ Kg8 23. Qe6+ Kh8 24. Qxe4 Nxe1 25. Nc3 Nc6 26. Rxe1 Re8 27. Qf3 Qe7 28. Nd5 Qd6 29. Qf7 Rg8 30. Nf6 Qe7 31. Qxe7 Nxe7 32. Nxg8 Rxg8 33. Bg5 Re8 34. Bxe7 Rxe7 35. e3 Rc7 36. Rc1 Rxc1+ 37. Nxc1 Kg7 38. Kg2 Kf6 39. Kf3 b6 40. Ke4 Ke6 41. Ne2 1-0

[Event "EYCC G10-ch 2024"]
[Site "Prague"]
[Date "2024.08.28"]
[Round "6.5"]
[White "Constantin-Ciuntu, Anne-Sophie"]
[Black "Wang, Yi Xuan"]
[Result "1-0"]
[ECO "B23"]
[WhiteElo "1641"]
[BlackElo "1734"]
[Annotator "NA RC COMBH"]
[PlyCount "133"]
[EventDate "2024.08.19"]
[EventType "swiss"]
[EventCountry "CZE"]
[SourceTitle "playchess.com"]
[Source "ChessBase"]
[SourceQuality "1"]
[TimeControl "5400+30"]

1. e4 c5 2. Nc3 g6 3. d4 cxd4 4. Qxd4 Nf6 5. Be3 Nc6 6. Qd2 d6 7. f3 Bd7 8. Nge2 Rc8 9. O-O-O Ne5 10. Nd4 a6 11. h3 b5 12. a3 Bc6 13. Nxc6 Nxc6 14. g4 b4 15. Bxa6 Rb8 16. Bb5 bxc3 17. Bxc6+ Nd7 18. Qxc3 Rg8 19. e5 Bg7 20. Bd4 Bh6+ 21. Kb1 Kf8 22. exd6 exd6 23. Bxd7 Qxd7 24. Be5 Bg7 25. Bxd6+ Qxd6 26. Qxg7+ Kxg7 27. Rxd6 Rge8 28. Rhd1 Re3 29. R6d3 Re2 30. b4 Rc8 31. R1d2 Re1+ 32. Kb2 Rh1 33. f4 Rc4 34. Rd4 Rc7 35. R2d3 Re7 36. Rd1 Rxh3 37. b5 Rb7 38. a4 Rh4 39. Rg1 Rh2 40. Rb4 Rc7 41. Rc1 Rg2 42. b6 Rb7 43. a5 Rxg4 44. a6 Rxf4 45. Rxf4 Rxb6+ 46. Kc3 Rxa6 47. Kb4 f5 48. c4 Kf6 49. Rcf1 h5 50. Kb5 Ra8 51. c5 Rh8 52. c6 h4 53. c7 h3 54. Rh1 g5 55. Rxh3 Rxh3 56. Rxf5+ Kxf5 57. c8=Q+ Kf4 58. Qxh3 g4 59. Qg2 g3 60. Kc4 Kg4 61. Kd4 Kh4 62. Ke3 Kg4 63. Ke4 Kh4 64. Kf4 Kh5 65. Qxg3 Kh6 66. Qg8 Kh5 67. Qg5# 1-0

[Event "EYCC G10-ch 2024"]
[Site "Prague"]
[Date "2024.08.28"]
[Round "6.6"]
[White "Hatuk, Neris"]
[Black "Tykalova, Barbora"]
[Result "0-1"]
[ECO "B08"]
[WhiteElo "1671"]
[BlackElo "1580"]
[Annotator "NA RC COMBH"]
[PlyCount "89"]
[EventDate "2024.08.19"]
[EventType "swiss"]
[EventCountry "CZE"]
[SourceTitle "playchess.com"]
[Source "ChessBase"]
[SourceQuality "1"]
[TimeControl "5400+30"]

1. e4 d6 2. d4 Nf6 3. Nc3 g6 4. Nf3 Bg7 5. Be3 O-O 6. Bd3 Nbd7 7. Qd2 c6 8. Bh6 Qc7 9. Bxg7 Kxg7 10. h4 e5 11. h5 Nxh5 12. Qg5 h6 13. Qh4 Ndf6 14. Rg1 exd4 15. Ne2 c5 16. b3 Bg4 17. Ng3 Qa5+ 18. Nd2 Nf4 19. f3 Nxd3+ 20. cxd3 Qc3 21. Ke2 Bh5 22. Rgc1 Qa5 23. Nc4 Qc7 24. Qf4 Rad8 25. Rh1 Rfe8 26. Qh4 d5 27. Nxh5+ Nxh5 28. g4 Ng3+ 29. Kd2 Nxh1 30. Rxh1 Qf4+ 31. Kc2 dxc4 32. bxc4 Rh8 33. Re1 Qxf3 34. e5 g5 35. Qh2 Rde8 36. Re4 Qf1 37. Qd2 Qa1 38. Qa5 b6 39. Qa3 Qc3+ 40. Qxc3 dxc3 41. Kxc3 f6 42. e6 Re7 43. d4 cxd4+ 44. Kxd4 Rd8+ 45. Kc3 0-1

[Event "EYCC G10-ch 2024"]
[Site "Prague"]
[Date "2024.08.28"]
[Round "6.7"]
[White "Russieva, Svitlana"]
[Black "Nguyen Doan, Bao Anh Angelina"]
[Result "1-0"]
[ECO "B24"]
[WhiteElo "1597"]
[BlackElo "1659"]
[Annotator "NA RC COMBH"]
[PlyCount "59"]
[EventDate "2024.08.19"]
[EventType "swiss"]
[EventCountry "CZE"]
[SourceTitle "playchess.com"]
[Source "ChessBase"]
[SourceQuality "1"]
[TimeControl "5400+30"]

1. e4 c5 2. Nc3 Nc6 3. d3 d6 4. g3 g6 5. Bg2 e5 6. f4 Nge7 7. Nf3 Bg7 8. O-O O-O 9. f5 gxf5 10. Nh4 fxe4 11. dxe4 f5 12. Bg5 h6 13. Bxe7 Nxe7 14. Nd5 Nxd5 15. Qxd5+ Kh7 16. exf5 Rf6 17. g4 Rb8 18. Ng6 b5 19. Qd3 c4 20. Qh3 Bb7 21. g5 Rf7 22. f6 Bc8 23. Qh5 Qb6+ 24. Kh1 Bb7 25. Nf4 Bxg2+ 26. Nxg2 Rc7 27. fxg7 Rxg7 28. gxh6 Rgg8 29. Rf7+ Kh8 30. Qf5 1-0

[Event "EYCC G10-ch 2024"]
[Site "Prague"]
[Date "2024.08.28"]
[Round "6.8"]
[White "Paunescu, Aida"]
[Black "Babazade, Khadija"]
[Result "1/2-1/2"]
[ECO "D02"]
[WhiteElo "1603"]
[BlackElo "1509"]
[Annotator "NA RC COMBH"]
[PlyCount "80"]
[EventDate "2024.08.19"]
[EventType "swiss"]
[EventCountry "CZE"]
[SourceTitle "playchess.com"]
[Source "ChessBase"]
[SourceQuality "1"]
[TimeControl "5400+30"]

1. d4 d5 2. Nf3 Nf6 3. Bf4 c5 4. e3 Nc6 5. c3 Qb6 6. b3 cxd4 7. exd4 Bf5 8. Bd3 Bg6 9. h3 e6 10. O-O Be7 11. Qe2 O-O 12. Nbd2 Rad8 13. Ne5 Nxe5 14. Bxe5 Bd6 15. f4 Nd7 16. Bxd6 Qxd6 17. f5 exf5 18. Bxf5 Nf6 19. Qd3 Rfe8 20. Bxg6 hxg6 21. Rad1 Ne4 22. c4 dxc4 23. Nxc4 Qd5 24. Qf3 Nf6 25. Rd2 b5 26. Ne3 Qg5 27. Rd3 Re4 28. Nc2 Rd5 29. Qf2 a5 30. Qd2 Qxd2 31. Rxd2 b4 32. Rf3 g5 33. Rfd3 g4 34. Ne3 Rd7 35. Kf2 gxh3 36. gxh3 Rf4+ 37. Kg2 Ne4 38. Rc2 Nc3 39. Rcd2 Ne4 40. Rc2 Nc3 1/2-1/2

[Event "EYCC G10-ch 2024"]
[Site "Prague"]
[Date "2024.08.28"]
[Round "6.9"]
[White "Saltkhutsishvili, Sara"]
[Black "Serradell Munoz, Silvia"]
[Result "0-1"]
[ECO "B27"]
[WhiteElo "1535"]
[BlackElo "1619"]
[Annotator "NA RC COMBH"]
[PlyCount "132"]
[EventDate "2024.08.19"]
[EventType "swiss"]
[EventCountry "CZE"]
[SourceTitle "playchess.com"]
[Source "ChessBase"]
[SourceQuality "1"]
[TimeControl "5400+30"]

1. e4 c5 2. Nf3 g6 3. d4 cxd4 4. Qxd4 Nf6 5. Nc3 Nc6 6. Qd1 Bg7 7. Bc4 O-O 8. O-O b6 9. Bf4 Bb7 10. Re1 Rc8 11. Bb3 Nh5 12. Bg3 Nxg3 13. hxg3 Na5 14. Qd3 Qc7 15. Nb5 Ba6 16. Nxc7 Bxd3 17. Nd5 Nxb3 18. axb3 Rxc2 19. Nb4 Bxb2 20. Nxc2 Bxa1 21. Nxa1 Rc8 22. Ne5 Bb5 23. b4 d6 24. Nf3 Rc4 25. Nb3 Rxb4 26. Nbd4 Kg7 27. Nxb5 Rxb5 28. Nd4 Rc5 29. Ra1 Ra5 30. Rxa5 bxa5 31. Kf1 Kf6 32. f4 e5 33. Nc6 a4 34. Ke2 exf4 35. gxf4 Ke6 36. Kd3 d5 37. e5 Kf5 38. Kd4 Kxf4 39. Kxd5 a3 40. Nb4 h5 41. Kd6 h4 42. Nd3+ Kg3 43. Ne1 a2 44. Nc2 Kxg2 45. Ke7 h3 46. Kxf7 h2 47. e6 h1=Q 48. e7 Qf1+ 49. Ke6 Qe2+ 50. Kf7 Qxc2 51. e8=Q Qf5+ 52. Kg8 Qd5+ 53. Kh7 Qh5+ 54. Kg8 a1=Q 55. Qc6+ Kh3 56. Qd7+ Qf5 57. Qh7+ Kg4 58. Qc7 Qa2+ 59. Kg7 Qae6 60. Qxa7 Qd7+ 61. Qxd7 Qxd7+ 62. Kxg6 Qf5+ 63. Kh6 Qg5+ 64. Kh7 Kf5 65. Kh8 Kf6 66. Kh7 Qg7# 0-1

[Event "EYCC G10-ch 2024"]
[Site "Prague"]
[Date "2024.08.28"]
[Round "6.10"]
[White "Bhaumik, Mehr"]
[Black "Smilic, Nina"]
[Result "1-0"]
[ECO "D00"]
[WhiteElo "1606"]
[BlackElo "1515"]
[Annotator "NA RC COMBH"]
[PlyCount "116"]
[EventDate "2024.08.19"]
[EventType "swiss"]
[EventCountry "CZE"]
[SourceTitle "playchess.com"]
[Source "ChessBase"]
[SourceQuality "1"]
[TimeControl "5400+30"]

1. d4 d5 2. Nc3 Nf6 3. Bf4 a6 4. e3 Bf5 5. Bd3 Bg6 6. Nf3 e6 7. Ne5 Bxd3 8. cxd3 c5 9. dxc5 Bxc5 10. d4 Bb4 11. Qa4+ Nbd7 12. Qxb4 Nxe5 13. Bxe5 Ra7 14. Qa4+ Qd7 15. Qxd7+ Nxd7 16. Bd6 Nf6 17. Ke2 Kd7 18. Bg3 b5 19. Rac1 Nh5 20. Rc2 Nxg3+ 21. hxg3 h6 22. Rhc1 Rb8 23. b4 Kd8 24. e4 Rd7 25. Kd3 Rb6 26. e5 Ke7 27. Ne2 g6 28. Rc6 Rdb7 29. Rc7+ Kd8 30. Rxb7 Rxb7 31. Rc6 Ra7 32. Nf4 Kd7 33. Rc5 Kd8 34. g4 a5 35. Rxb5 axb4 36. Rxb4 Rxa2 37. Ke3 Ra3+ 38. Nd3 Kd7 39. Rb8 Ke7 40. Rh8 Rb3 41. Rxh6 Kf8 42. Rh8+ Kg7 43. Rc8 Ra3 44. Kd2 Ra2+ 45. Rc2 Ra4 46. Ke3 Ra3 47. Rd2 Kh6 48. Kf4 Ra4 49. Nc5 Ra3 50. Rd3 Ra2 51. Kg3 Kg7 52. Nd7 Rb2 53. Nf6 Rb4 54. f4 Ra4 55. f5 Rb4 56. fxe6 fxe6 57. Kf4 Rb2 58. Kg5 Rb7 1-0

[Event "EYCC G10-ch 2024"]
[Site "Prague"]
[Date "2024.08.28"]
[Round "6.11"]
[White "Kiryttopoulou, Eleonora Kaisa"]
[Black "Horodna, Anna"]
[Result "1-0"]
[ECO "B40"]
[WhiteElo "1525"]
[BlackElo "1603"]
[Annotator "NA RC COMBH"]
[PlyCount "83"]
[EventDate "2024.08.19"]
[EventType "swiss"]
[EventCountry "CZE"]
[SourceTitle "playchess.com"]
[Source "ChessBase"]
[SourceQuality "1"]
[TimeControl "5400+30"]

1. e4 c5 2. Nf3 e6 3. Bc4 a6 4. Nc3 b5 5. Be2 Bb7 6. d3 Be7 7. O-O Nf6 8. e5 Nd5 9. Nxd5 Bxd5 10. h3 d6 11. exd6 Qxd6 12. Nh2 O-O 13. Bf3 Nc6 14. Bxd5 exd5 15. b3 f5 16. Bb2 d4 17. Nf3 Rad8 18. Re1 Bf6 19. Bc1 f4 20. Re4 Be7 21. Qe2 Rf6 22. Bd2 Rdf8 23. Re1 Bd8 24. Re6 Qd7 25. Rxf6 Rxf6 26. Ng5 Be7 27. Qe4 Rg6 28. h4 f3 29. Qxf3 Bxg5 30. Bxg5 Re6 31. Rxe6 Qxe6 32. a3 h6 33. Bf4 a5 34. Qe4 Qxe4 35. dxe4 a4 36. bxa4 bxa4 37. Kf1 Kf7 38. Ke2 c4 39. f3 g6 40. Bg3 Nb4 41. axb4 a3 42. Be5 1-0

[Event "EYCC G10-ch 2024"]
[Site "Prague"]
[Date "2024.08.28"]
[Round "6.12"]
[White "Mierina, Liva"]
[Black "Kocherha, Yelizavieta"]
[Result "0-1"]
[ECO "D45"]
[WhiteElo "1599"]
[BlackElo "1519"]
[Annotator "NA RC COMBH"]
[PlyCount "72"]
[EventDate "2024.08.19"]
[EventType "swiss"]
[EventCountry "CZE"]
[SourceTitle "playchess.com"]
[Source "ChessBase"]
[SourceQuality "1"]
[TimeControl "5400+30"]

1. d4 d5 2. Nf3 Nf6 3. c4 e6 4. Nc3 c6 5. e3 Bb4 6. a3 Bxc3+ 7. bxc3 Qa5 8. Bb2 Nbd7 9. cxd5 exd5 10. g3 Ne4 11. Qb3 Ndf6 12. Bg2 Qc7 13. Qb4 c5 14. Qb5+ Bd7 15. Qe2 a6 16. Qc2 Bb5 17. a4 Bc4 18. Ne5 cxd4 19. cxd4 Qa5+ 20. Kd1 Bb3 21. Bc1 Bxc2+ 22. Kxc2 Qc3+ 23. Kb1 Qb3+ 24. Bb2 Rc8 25. Ra3 Qc2+ 26. Ka1 O-O 27. Bxe4 Nxe4 28. f4 Nd2 29. h4 f6 30. Ng4 Rc4 31. Rc1 Nb3+ 32. Rxb3 Qxb3 33. Rxc4 Qxc4 34. h5 Qxa4+ 35. Kb1 Qd1+ 36. Bc1 Rc8 0-1